Nordiques vs Panthers

Created - 8 février 2024 at 19:55

Goals
1 2 3 T
Nordiques 1 1 2 4
Panthers 0 1 1 2
Shots
1 2 3 T
Nordiques 8 14 9 31
Panthers 12 10 12 34

GoalsPenalties
1st period
1. Nordiques , Sebastian Aho 17 (Marco Rossi 7) at 19:57
Marcus Foligno (FLA) for Hooking (Minor) at 0:00
2nd period
2. Panthers , Anthony Cirelli 7 (Joshua Norris 25, Mike Hoffman 22) at 14:13
3. Nordiques , Hudson Fasching 14 (Cole Smith 11, Shayne Gostisbehere 13) at 17:15
Marcus Foligno (FLA) for Hooking (Minor) at 7:19
Travis Sanheim (QUE) for Hooking (Minor) at 18:32
3rd period
4. Nordiques , Alexander Wennberg 19 (Pius Suter 8, Joel Farabee 12) at 14:11
5. Nordiques , Marco Rossi 8 (Paul Byron 12) at 17:24
6. Panthers , Marcus Foligno 17 (Michael Matheson 18, Andrew Peeke 9) at 18:08
Sebastian Aho (QUE) for High sticking (Minor) at 2:42
Simon Benoit (QUE) for High sticking (Minor) at 18:11
Goalie Stats
Jaroslav Halak (QUE), 32 saves from 34 shots - (0,941), W, 6-5-2, 60:00 minutes
Antti Raanta (FLA), 27 saves from 31 shots - (0,871), L, 20-10-2, 60:00 minutes
3 StarsOfficial
1 - Marco Rossi (QUE)
2 - Jaroslav Halak (QUE)
3 - Alexander Wennberg (QUE)
Referees : Trevor Hanson and Furman South
Linesman : Ryan Gibbons and Andrew Smith
Game Note
No Game Note
Finance
Level 1 -- Attendance: 5685 (94,75%) -- Ticket Income $568,500
Level 2 -- Attendance: 5000 (100,00%) -- Ticket Income $300,000
Level 3 -- Attendance: 1888 (94,40%) -- Ticket Income $66,080
Level 4 -- Attendance: 4000 (100,00%) -- Ticket Income $80,000
Luxury Box -- Attendance: 902 (90,20%) -- Ticket Income $180,400
Game was played at the Sunrise Arena.
Total Attendance: 17475 (97,08%)
Total Ticket Income: $1,194,980
Other Income: $585,540
Total Income: $1,780,520



Team Name Goals Shots Shots Attemp Shots Blocked PIM HIT PP PK FO%
Nordiques 43162126170 / 2 (0%)061%
Panthers 23464134250 / 3 (0%)039%

Nordiques
Player Name POS G A P +/- PIM HIT SHT SB MP PP MP PP SHT PK MP PK SHT FO% FOT GA TA
Alex NewhookC/LW0000002012:270:0000:0300% 020
Alexander WennbergC/LW/RW1011004117:342:0002:52056% 1620
Artyom AnisimovC0001013012:250:0000:00042% 1201
Cole SmithLW0111012012:250:0000:0000% 000
Hudson FaschingRW1011001012:250:0000:0000% 000
Joel FarabeeLW0111012014:452:0000:1600% 001
Kirby DachC/RW0000001017:321:5902:550100% 120
Lucas RaymondLW/RW0000011014:371:5900:0000% 010
Marco RossiC1120013012:240:0000:00064% 1400
Martin FehervaryD000-1042121:092:0022:5800% 002
Mattias EkholmD0001041122:541:5902:4800% 000
Paul ByronC/LW/RW0110013013:110:0000:47067% 301
Pius SuterC/RW0111001017:332:0002:45050% 200
Ryan LindgrenD0002001217:030:0001:0600% 000
Sebastian AhoC/LW/RW1010212116:361:5901:54079% 1400
Shayne GostisbehereD0111002122:541:5902:4800% 010
Simon BenoitD0002210115:560:0000:0000% 000
Travis SanheimD000-1210420:212:0001:5200% 000
Panthers
Player Name POS G A P +/- PIM HIT SHT SB MP PP MP PP SHT PK MP PK SHT FO% FOT GA TA
Andrew PeekeD0110000022:253:0301:5000% 010
Anthony CirelliC/LW/RW1011024219:142:4602:0700% 000
Garnet HathawayC/LW/RW0000011114:280:0000:0000% 100
J.J. MoserD0000011015:430:0000:0000% 000
Jamie OleksiakD000-2041221:522:4302:0910% 001
Jonas SiegenthalerD0000012016:020:0000:0000% 002
Joshua NorrisC0111025018:593:0001:52048% 2300
Kevin LabancLW/RW000002207:200:0000:0000% 000
Marcus FolignoLW1010412214:340:0000:0000% 010
Michael MathesonD0110012022:372:4302:0900% 002
Mike HoffmanC/RW0111012017:073:0000:000100% 310
Patrick BrownC/RW000002007:200:0000:0000% 200
Rocco GrimaldiC/LW/RW000001007:200:0000:0000% 000
Ross ColtonC/LW/RW0000012014:280:0000:00019% 1610
Taylor HallC/LW000-3004016:592:4600:000100% 200
Teuvo TeravainenC/LW/RW000-3001018:583:0001:5200% 210
Tyson BarrieD000-2000621:213:0301:5000% 003
Vincent TrocheckC/LW/RW000-3055019:132:4612:07038% 1300

Nordiques

5 vs 5 Forward
Line #Left WingCenterRight WingPHYDFOFWanted %Time %Time Play
1Lucas RaymondSebastian AhoKirby Dach0232525%12:44
2Joel FarabeeAlexander WennbergPius Suter0232525%12:42
3Alex NewhookMarco RossiPaul Byron0232525%12:24
4Cole SmithArtyom AnisimovHudson Fasching0232525%12:25
5 vs 5 Defense
Line #DefenseDefensePHYDFOFWanted %Time %Time Play
1Mattias EkholmShayne Gostisbehere0233435%17:40
2Travis SanheimMartin Fehervary0233332%16:11
3Ryan LindgrenSimon Benoit0233332%15:57
4Mattias EkholmShayne Gostisbehere02301%0:27
Power Play Forward
Line #Left WingCenterRight WingPHYDFOFWanted %Time %Time Play
1Lucas RaymondSebastian AhoKirby Dach0235050%1:59
2Joel FarabeeAlexander WennbergPius Suter0235050%2:00
Power Play Defense
Line #DefenseDefensePHYDFOFWanted %Time %Time Play
1Mattias EkholmShayne Gostisbehere0235050%1:59
2Travis SanheimMartin Fehervary0235050%2:00
Penalty Kill 4 Players Forward
Line #CenterWingPHYDFOFWanted %Time %Time Play
1Sebastian AhoKirby Dach0235055%3:11
2Alexander WennbergPius Suter0235045%2:35
Penalty Kill 4 Players Defense
Line #DefenseDefensePHYDFOFWanted %Time %Time Play
1Mattias EkholmShayne Gostisbehere0235049%2:48
2Travis SanheimMartin Fehervary0235051%2:58
Penalty Kill 3 Players
Line #WingPHYDFOFWanted %Time %Time PlayDefenseDefensePHYDFOFWanted %Time %Time Play
1Alexander Wennberg023500%0:00 Mattias EkholmShayne Gostisbehere023500%0:00
2Sebastian Aho023500%0:00 Travis SanheimMartin Fehervary023500%0:00
4 vs 4 Forward
Line #CenterWingPHYDFOFWanted %Time %Time Play
1Sebastian AhoKirby Dach023500%0:00
2Alexander WennbergJoel Farabee023500%0:00
4 vs 4 Defense
Line #DefensePHYDFOFWanted %Time %Time Play
1Mattias EkholmShayne Gostisbehere023500%0:00
2Travis SanheimMartin Fehervary023500%0:00
Last Minutes Offensive
Left WingCenterRight WingDefenseDefense
Lucas RaymondSebastian AhoKirby DachMattias EkholmShayne Gostisbehere
Last Minutes Defensive
Left WingCenterRight WingDefenseDefense
Lucas RaymondSebastian AhoKirby DachMattias EkholmShayne Gostisbehere
Time
Total ForwardTotal DefenseLast Minutes OffensiveLast Minutes Defensive
60:00 60:00 0:000:00
Extra Forwards
Normal PowerPlayPenalty Kill
Marco Rossi, Alex Newhook, Paul ByronMarco Rossi, Alex NewhookPaul Byron
Extra Defensemen
Normal PowerPlayPenalty Kill
Ryan Lindgren, Simon Benoit, Mattias EkholmRyan Lindgren, Ryan LindgrenSimon Benoit
Penalty Shots
Kirby Dach, Lucas Raymond, Pius Suter, Hudson Fasching, Alexander Wennberg
Goalie
Jaroslav Halak, Pavel Francouz
Custom OT Lines Forwards
Sebastian Aho, Kirby Dach, Lucas Raymond, Alexander Wennberg, Joel Farabee, Pius Suter, Marco Rossi, Alex Newhook, Paul Byron, Artyom Anisimov
Custom OT Lines Defensemen
Mattias Ekholm, Shayne Gostisbehere, Travis Sanheim, Martin Fehervary, Ryan Lindgren
Scratches
Calle Rosen (Healthy), Philippe Myers (Healthy), Semyon Varlamov (Healthy)

Panthers

5 vs 5 Forward
Line #Left WingCenterRight WingPHYDFOFWanted %Time %Time Play
1Taylor HallVincent TrocheckTeuvo Teravainen0233029%14:20
2Anthony CirelliJoshua NorrisMike Hoffman0233028%14:07
3Marcus FolignoRoss ColtonGarnet Hathaway0233029%14:28
4Kevin LabancPatrick BrownRocco Grimaldi0231015%7:20
5 vs 5 Defense
Line #DefenseDefensePHYDFOFWanted %Time %Time Play
1Michael MathesonAndrew Peeke0233233%16:38
2Jamie OleksiakTyson Barrie0233233%16:28
3J.J. MoserJonas Siegenthaler0233131%15:43
4Michael MathesonAndrew Peeke03253%1:26
Power Play Forward
Line #Left WingCenterRight WingPHYDFOFWanted %Time %Time Play
1Taylor HallVincent TrocheckAnthony Cirelli0235048%2:46
2Teuvo TeravainenJoshua NorrisMike Hoffman0235052%3:00
Power Play Defense
Line #DefenseDefensePHYDFOFWanted %Time %Time Play
1Michael MathesonJamie Oleksiak0235047%2:43
2Tyson BarrieAndrew Peeke0235053%3:03
Penalty Kill 4 Players Forward
Line #CenterWingPHYDFOFWanted %Time %Time Play
1Vincent TrocheckAnthony Cirelli0235053%2:07
2Joshua NorrisTeuvo Teravainen0235047%1:52
Penalty Kill 4 Players Defense
Line #DefenseDefensePHYDFOFWanted %Time %Time Play
1Michael MathesonJamie Oleksiak0325054%2:09
2Tyson BarrieAndrew Peeke0325046%1:50
Penalty Kill 3 Players
Line #WingPHYDFOFWanted %Time %Time PlayDefenseDefensePHYDFOFWanted %Time %Time Play
1Vincent Trocheck023500%0:00 Michael MathesonJamie Oleksiak032500%0:00
2Anthony Cirelli023500%0:00 Tyson BarrieAndrew Peeke032500%0:00
4 vs 4 Forward
Line #CenterWingPHYDFOFWanted %Time %Time Play
1Vincent TrocheckTaylor Hall023500%0:00
2Joshua NorrisAnthony Cirelli023500%0:00
4 vs 4 Defense
Line #DefensePHYDFOFWanted %Time %Time Play
1Michael MathesonJamie Oleksiak023500%0:00
2Tyson BarrieAndrew Peeke032500%0:00
Last Minutes Offensive
Left WingCenterRight WingDefenseDefense
Taylor HallVincent TrocheckAnthony CirelliMichael MathesonJamie Oleksiak
Last Minutes Defensive
Left WingCenterRight WingDefenseDefense
Taylor HallJoshua NorrisTeuvo TeravainenMichael MathesonJamie Oleksiak
Time
Total ForwardTotal DefenseLast Minutes OffensiveLast Minutes Defensive
60:00 60:00 0:000:00
Extra Forwards
Normal PowerPlayPenalty Kill
Marcus Foligno, Kevin Labanc, Rocco GrimaldiPatrick Brown, Ross ColtonGarnet Hathaway
Extra Defensemen
Normal PowerPlayPenalty Kill
Jamie Oleksiak, Jonas Siegenthaler, Tyson BarrieJonas Siegenthaler, J.J. MoserJonas Siegenthaler
Penalty Shots
Ross Colton, Kevin Labanc, Teuvo Teravainen, Anthony Cirelli, Rocco Grimaldi
Goalie
Antti Raanta, Kevin Lankinen
Custom OT Lines Forwards
Vincent Trocheck, Joshua Norris, Taylor Hall, Anthony Cirelli, Teuvo Teravainen, Marcus Foligno, Mike Hoffman, Patrick Brown, Kevin Labanc, Rocco Grimaldi
Custom OT Lines Defensemen
Michael Matheson, Jamie Oleksiak, Tyson Barrie, J.J. Moser, Andrew Peeke
Scratches
Josh Archibald (Healthy), Ville Husso (Healthy)


Play-by-Play

1st period


0:01 of 1st period - Sebastian Aho wins face-off versus Vincent Trocheck in neutral zone.
0:58 of 1st period - Wrist shot by Alex Newhook.
0:58 of 1st period - Stopped by Antti Raanta without a rebound.
0:59 of 1st period - Artyom Anisimov wins face-off versus Patrick Brown in Panthers zone.
1:31 of 1st period - Wrist shot by Marco Rossi.
1:31 of 1st period - Deflect By Alex Newhook.
1:31 of 1st period - Shot Blocked by Tyson Barrie.
1:31 of 1st period - Puck is out of play.
1:32 of 1st period - Vincent Trocheck wins face-off versus Pius Suter in Panthers zone.
1:37 of 1st period - Wrist shot by Teuvo Teravainen.
1:37 of 1st period - Deflect By Vincent Trocheck.
1:37 of 1st period - Stopped by Jaroslav Halak with a rebound.
1:39 of 1st period - Backhand shot by Tyson Barrie.
1:39 of 1st period - Shot Blocked by Ryan Lindgren.
1:41 of 1st period - Snap shot by Jamie Oleksiak.
1:41 of 1st period - Deflect By Vincent Trocheck.
1:41 of 1st period - Stopped by Jaroslav Halak without a rebound.
1:42 of 1st period - Taylor Hall wins face-off versus Alexander Wennberg in Nordiques zone.
2:03 of 1st period - Icing by Simon Benoit.
2:04 of 1st period - Joshua Norris wins face-off versus Alexander Wennberg in Nordiques zone.
2:07 of 1st period - Snap shot by Mike Hoffman.
2:07 of 1st period - Shot Blocked by Simon Benoit.
2:35 of 1st period - Jonas Siegenthaler is hit by Martin Fehervary.
3:57 of 1st period - Slapshot by Shayne Gostisbehere.
3:57 of 1st period - Deflect By Michael Matheson.
3:57 of 1st period - Stopped by Antti Raanta with a rebound.
4:26 of 1st period - Snap shot by Vincent Trocheck.
4:26 of 1st period - Shot Misses the Net.
4:28 of 1st period - Slapshot by Michael Matheson.
4:28 of 1st period - Shot Blocked by Sebastian Aho.
5:24 of 1st period - Slapshot by Joshua Norris.
5:24 of 1st period - Stopped by Jaroslav Halak with a rebound.
5:26 of 1st period - Snap shot by Joshua Norris.
5:26 of 1st period - Stopped by Jaroslav Halak without a rebound.
5:27 of 1st period - Marco Rossi wins face-off versus Joshua Norris in Nordiques zone.
5:52 of 1st period - Simon Benoit is hit by Vincent Trocheck and loses puck.
6:19 of 1st period - Tyson Barrie is hit by Mattias Ekholm and loses puck.
6:39 of 1st period - Wrist shot by Marco Rossi.
6:39 of 1st period - Stopped by Antti Raanta without a rebound.
6:40 of 1st period - Ross Colton wins face-off versus Artyom Anisimov in Panthers zone.
6:54 of 1st period - Slapshot by Cole Smith.
6:54 of 1st period - Shot Misses the Net.
8:12 of 1st period - Sebastian Aho is hit by Jonas Siegenthaler and loses puck.
8:23 of 1st period - Wrist shot by Lucas Raymond.
8:23 of 1st period - Shot Blocked by Anthony Cirelli.
8:36 of 1st period - Cole Smith is hit by Jamie Oleksiak and loses puck.
9:07 of 1st period - Marcus Foligno is hit by Lucas Raymond and loses puck.
9:14 of 1st period - Ryan Lindgren is hit by Jamie Oleksiak.
9:24 of 1st period - Snap shot by Artyom Anisimov.
9:24 of 1st period - Stopped by Antti Raanta with a rebound.
9:56 of 1st period - Wrist shot by Vincent Trocheck.
9:56 of 1st period - Shot Misses the Net.
9:58 of 1st period - Slapshot by Michael Matheson.
9:58 of 1st period - Shot Misses the Net.
10:04 of 1st period - Slapshot by Taylor Hall.
10:04 of 1st period - Stopped by Jaroslav Halak with a rebound.
10:06 of 1st period - Wrist shot by Vincent Trocheck.
10:06 of 1st period - Stopped by Jaroslav Halak with a rebound.
10:22 of 1st period - Snap shot by Artyom Anisimov.
10:22 of 1st period - Shot Misses the Net.
11:18 of 1st period - Wrist shot by Teuvo Teravainen.
11:18 of 1st period - Stopped by Jaroslav Halak with a rebound.
11:20 of 1st period - Wrist shot by Teuvo Teravainen.
11:20 of 1st period - Shot Misses the Net.
11:22 of 1st period - Slapshot by Jonas Siegenthaler.
11:22 of 1st period - Stopped by Jaroslav Halak without a rebound.
11:23 of 1st period - Joshua Norris wins face-off versus Alexander Wennberg in Nordiques zone.
11:34 of 1st period - Wrist shot by Joshua Norris.
11:34 of 1st period - Shot Misses the Net.
12:35 of 1st period - Snap shot by Alexander Wennberg.
12:35 of 1st period - Shot Misses the Net.
13:12 of 1st period - Off-side.
13:13 of 1st period - Sebastian Aho wins face-off versus Ross Colton in neutral zone.
13:24 of 1st period - Snap shot by Ross Colton.
13:24 of 1st period - Shot Misses the Net.
13:26 of 1st period - Slapshot by Jonas Siegenthaler.
13:26 of 1st period - Stopped by Jaroslav Halak without a rebound.
13:27 of 1st period - Artyom Anisimov wins face-off versus Joshua Norris in Nordiques zone.
13:52 of 1st period - Pius Suter is hit by Marcus Foligno and loses puck.
14:11 of 1st period - Snap shot by Vincent Trocheck.
14:11 of 1st period - Shot Blocked by Mattias Ekholm.
14:13 of 1st period - Slapshot by Jonas Siegenthaler.
14:13 of 1st period - Shot Misses the Net.
14:31 of 1st period - Marco Rossi is hit by Patrick Brown and loses puck.
14:56 of 1st period - Slapshot by Shayne Gostisbehere.
14:56 of 1st period - Shot Blocked by Jamie Oleksiak.
15:10 of 1st period - Slapshot by Michael Matheson.
15:10 of 1st period - Stopped by Jaroslav Halak with a rebound.
15:30 of 1st period - Slapshot by Cole Smith.
15:30 of 1st period - Shot Misses the Net.
15:59 of 1st period - Snap shot by Kevin Labanc.
15:59 of 1st period - Shot Misses the Net.
16:29 of 1st period - Slapshot by Shayne Gostisbehere.
16:29 of 1st period - Stopped by Antti Raanta with a rebound.
16:31 of 1st period - Snap shot by Artyom Anisimov.
16:31 of 1st period - Stopped by Antti Raanta without a rebound.
16:32 of 1st period - Alexander Wennberg wins face-off versus Ross Colton in Panthers zone.
16:57 of 1st period - Sebastian Aho is hit by Vincent Trocheck.
17:03 of 1st period - Snap shot by Vincent Trocheck.
17:03 of 1st period - Shot Misses the Net.
17:05 of 1st period - Wrist shot by Jonas Siegenthaler.
17:05 of 1st period - Shot Misses the Net.
17:07 of 1st period - Wrist shot by Taylor Hall.
17:07 of 1st period - Stopped by Jaroslav Halak with a rebound.
18:24 of 1st period - Slapshot by Marco Rossi.
18:24 of 1st period - Shot Misses the Net.
18:27 of 1st period - Icing by Vincent Trocheck.
18:28 of 1st period - Pius Suter wins face-off versus Vincent Trocheck in Panthers zone.
18:53 of 1st period - Joshua Norris is hit by Travis Sanheim and loses puck.
19:04 of 1st period - Martin Fehervary is hit by Anthony Cirelli and loses puck.
19:24 of 1st period - Snap shot by Garnet Hathaway.
19:24 of 1st period - Stopped by Jaroslav Halak without a rebound.
19:25 of 1st period - Alexander Wennberg wins face-off versus Vincent Trocheck in Nordiques zone.
19:25 of 1st period - Alexander Wennberg is hit by Jamie Oleksiak.
19:31 of 1st period - Wrist shot by Pius Suter.
19:31 of 1st period - Stopped by Antti Raanta without a rebound.
19:32 of 1st period - Alexander Wennberg wins face-off versus Teuvo Teravainen in Panthers zone.
19:35 of 1st period - Snap shot by Joel Farabee.
19:35 of 1st period - Shot Misses the Net.
19:37 of 1st period - Snap shot by Pius Suter.
19:37 of 1st period - Shot Blocked by Tyson Barrie.
19:57 of 1st period - Snap shot by Sebastian Aho.
19:57 of 1st period - Goal by Sebastian Aho - Nordiques : 1 - Panthers : 0.
19:58 of 1st period - Ross Colton wins face-off versus Marco Rossi in neutral zone.
Goals for this period are 1 for Nordiques vs 0 for Panthers.
Shots for this period are 8 for Nordiques vs 12 for Panthers.
0:00 of 2nd period - Minor Penalty to Marcus Foligno for Hooking.
Goals for this period are 1 for Nordiques vs 0 for Panthers.
Shots for this period are 8 for Nordiques vs 12 for Panthers.

2nd period


0:01 of 2nd period - Sebastian Aho wins face-off versus Vincent Trocheck in neutral zone.
0:05 of 2nd period - Off-side.
0:06 of 2nd period - Vincent Trocheck wins face-off versus Sebastian Aho in neutral zone.
0:15 of 2nd period - Slapshot by Anthony Cirelli.
0:15 of 2nd period - Shot Misses the Net.
0:17 of 2nd period - Slapshot by Jamie Oleksiak.
0:17 of 2nd period - Stopped by Jaroslav Halak without a rebound.
0:18 of 2nd period - Alexander Wennberg wins face-off versus Joshua Norris in Nordiques zone.
0:25 of 2nd period - Slapshot by Alexander Wennberg.
0:25 of 2nd period - Shot Misses the Net.
0:27 of 2nd period - Slapshot by Martin Fehervary.
0:27 of 2nd period - Stopped by Antti Raanta with a rebound.
0:29 of 2nd period - Wrist shot by Joel Farabee.
0:29 of 2nd period - Shot Hit the Post.
0:31 of 2nd period - Slapshot by Travis Sanheim.
0:31 of 2nd period - Shot Misses the Net.
0:33 of 2nd period - Snap shot by Martin Fehervary.
0:33 of 2nd period - Deflect By Teuvo Teravainen.
0:33 of 2nd period - Stopped by Antti Raanta with a rebound.
2:00 of 2nd period - Penalty to Marcus Foligno is over, Marcus Foligno is back on ice.
2:18 of 2nd period - Wrist shot by Marco Rossi.
2:18 of 2nd period - Shot Misses the Net.
2:20 of 2nd period - Slapshot by Paul Byron.
2:20 of 2nd period - Stopped by Antti Raanta with a rebound.
3:03 of 2nd period - Michael Matheson is hit by Mattias Ekholm and loses puck.
3:06 of 2nd period - Slapshot by Michael Matheson.
3:06 of 2nd period - Stopped by Jaroslav Halak without a rebound.
3:07 of 2nd period - Sebastian Aho wins face-off versus Joshua Norris in Nordiques zone.
3:36 of 2nd period - Snap shot by Alexander Wennberg.
3:36 of 2nd period - Shot Misses the Net.
3:45 of 2nd period - Off-side.
3:46 of 2nd period - Marco Rossi wins face-off versus Ross Colton in neutral zone.
3:59 of 2nd period - Snap shot by Alex Newhook.
3:59 of 2nd period - Stopped by Antti Raanta with a rebound.
4:01 of 2nd period - Snap shot by Paul Byron.
4:01 of 2nd period - Shot Blocked by Tyson Barrie.
4:11 of 2nd period - Simon Benoit is hit by Jamie Oleksiak and loses puck.
4:20 of 2nd period - Wrist shot by Vincent Trocheck.
4:20 of 2nd period - Stopped by Jaroslav Halak without a rebound.
4:21 of 2nd period - Sebastian Aho wins face-off versus Joshua Norris in Nordiques zone.
5:13 of 2nd period - Snap shot by Garnet Hathaway.
5:13 of 2nd period - Shot Blocked by Ryan Lindgren.
6:04 of 2nd period - Slapshot by Sebastian Aho.
6:04 of 2nd period - Shot Misses the Net.
6:09 of 2nd period - Off-side.
6:10 of 2nd period - Vincent Trocheck wins face-off versus Marco Rossi in neutral zone.
6:58 of 2nd period - Andrew Peeke is hit by Mattias Ekholm and loses puck.
7:11 of 2nd period - Snap shot by Joel Farabee.
7:11 of 2nd period - Deflect By Alexander Wennberg.
7:11 of 2nd period - Stopped by Antti Raanta with a rebound.
7:14 of 2nd period - Icing by Garnet Hathaway.
7:15 of 2nd period - Paul Byron wins face-off versus Ross Colton in Panthers zone.
7:19 of 2nd period - Minor Penalty to Marcus Foligno for Hooking.
7:20 of 2nd period - Alexander Wennberg wins face-off versus Joshua Norris in Panthers zone.
8:29 of 2nd period - Andrew Peeke is hit by Mattias Ekholm and loses puck.
9:19 of 2nd period - Penalty to Marcus Foligno is over, Marcus Foligno is back on ice.
9:34 of 2nd period - Joel Farabee is hit by Kevin Labanc and loses puck.
9:49 of 2nd period - Wrist shot by Marco Rossi.
9:49 of 2nd period - Stopped by Antti Raanta without a rebound.
9:50 of 2nd period - Marco Rossi wins face-off versus Ross Colton in Panthers zone.
10:05 of 2nd period - Snap shot by Marco Rossi.
10:05 of 2nd period - Deflect By J.J. Moser.
10:05 of 2nd period - Shot Blocked by Marcus Foligno.
10:05 of 2nd period - Puck is out of play.
10:06 of 2nd period - Artyom Anisimov wins face-off versus Joshua Norris in Panthers zone.
10:20 of 2nd period - Wrist shot by Mike Hoffman.
10:20 of 2nd period - Shot Misses the Net.
10:22 of 2nd period - Slapshot by J.J. Moser.
10:22 of 2nd period - Stopped by Jaroslav Halak with a rebound.
10:32 of 2nd period - Shayne Gostisbehere is hit by Vincent Trocheck and loses puck.
11:16 of 2nd period - Icing by Marcus Foligno.
11:17 of 2nd period - Alexander Wennberg wins face-off versus Ross Colton in Panthers zone.
11:18 of 2nd period - Wrist shot by Joel Farabee.
11:18 of 2nd period - Stopped by Antti Raanta without a rebound.
11:19 of 2nd period - Joshua Norris wins face-off versus Artyom Anisimov in Panthers zone.
11:46 of 2nd period - Wrist shot by Alexander Wennberg.
11:46 of 2nd period - Stopped by Antti Raanta without a rebound.
11:47 of 2nd period - Taylor Hall wins face-off versus Alexander Wennberg in Panthers zone.
12:06 of 2nd period - Joel Farabee is hit by Michael Matheson and loses puck.
12:13 of 2nd period - Snap shot by Taylor Hall.
12:13 of 2nd period - Stopped by Jaroslav Halak without a rebound.
12:14 of 2nd period - Joshua Norris wins face-off versus Sebastian Aho in Nordiques zone.
12:27 of 2nd period - Snap shot by Kirby Dach.
12:27 of 2nd period - Shot Misses the Net.
12:29 of 2nd period - Snap shot by Lucas Raymond.
12:29 of 2nd period - Shot Blocked by Tyson Barrie.
12:31 of 2nd period - Snap shot by Kirby Dach.
12:31 of 2nd period - Deflect By Sebastian Aho.
12:31 of 2nd period - Shot Blocked by Tyson Barrie.
12:31 of 2nd period - Puck is out of play.
12:32 of 2nd period - Ross Colton wins face-off versus Artyom Anisimov in Panthers zone.
12:37 of 2nd period - Slapshot by Andrew Peeke.
12:37 of 2nd period - Deflect By Ross Colton.
12:37 of 2nd period - Stopped by Jaroslav Halak without a rebound.
12:38 of 2nd period - Artyom Anisimov wins face-off versus Ross Colton in Nordiques zone.
13:10 of 2nd period - Wrist shot by Kirby Dach.
13:10 of 2nd period - Stopped by Antti Raanta without a rebound.
13:11 of 2nd period - Mike Hoffman wins face-off versus Marco Rossi in Panthers zone.
14:07 of 2nd period - Wrist shot by Ross Colton.
14:07 of 2nd period - Stopped by Jaroslav Halak without a rebound.
14:08 of 2nd period - Joshua Norris wins face-off versus Paul Byron in Nordiques zone.
14:13 of 2nd period - Wrist shot by Joshua Norris.
14:13 of 2nd period - Deflect By Anthony Cirelli.
14:13 of 2nd period - Goal by Anthony Cirelli - Nordiques : 1 - Panthers : 1.
14:14 of 2nd period - Joshua Norris wins face-off versus Artyom Anisimov in neutral zone.
14:39 of 2nd period - Alex Newhook is hit by Garnet Hathaway and loses puck.
14:58 of 2nd period - Travis Sanheim is hit by Ross Colton and loses puck.
15:41 of 2nd period - Wrist shot by Paul Byron.
15:41 of 2nd period - Stopped by Antti Raanta without a rebound.
15:42 of 2nd period - Joshua Norris wins face-off versus Alexander Wennberg in Panthers zone.
15:49 of 2nd period - Slapshot by Jamie Oleksiak.
15:49 of 2nd period - Shot Blocked by Alexander Wennberg.
16:19 of 2nd period - Patrick Brown is hit by Simon Benoit.
16:23 of 2nd period - Snap shot by Joel Farabee.
16:23 of 2nd period - Shot Misses the Net.
16:27 of 2nd period - Backhand shot by Joel Farabee.
16:27 of 2nd period - Stopped by Antti Raanta with a rebound.
16:38 of 2nd period - Snap shot by Alexander Wennberg.
16:38 of 2nd period - Stopped by Antti Raanta without a rebound.
16:39 of 2nd period - Sebastian Aho wins face-off versus Joshua Norris in Panthers zone.
17:13 of 2nd period - Snap shot by Cole Smith.
17:13 of 2nd period - Stopped by Antti Raanta with a rebound.
17:15 of 2nd period - Wrist shot by Hudson Fasching.
17:15 of 2nd period - Goal by Hudson Fasching - Nordiques : 2 - Panthers : 1.
17:16 of 2nd period - Sebastian Aho wins face-off versus Joshua Norris in neutral zone.
18:27 of 2nd period - Slapshot by Kevin Labanc.
18:27 of 2nd period - Stopped by Jaroslav Halak without a rebound.
18:28 of 2nd period - Mike Hoffman wins face-off versus Marco Rossi in Nordiques zone.
18:32 of 2nd period - Minor Penalty to Travis Sanheim for Hooking.
18:33 of 2nd period - Vincent Trocheck wins face-off versus Sebastian Aho in Nordiques zone.
18:47 of 2nd period - Snap shot by Vincent Trocheck.
18:47 of 2nd period - Stopped by Jaroslav Halak without a rebound.
18:48 of 2nd period - Joshua Norris wins face-off versus Alexander Wennberg in Nordiques zone.
Goals for this period are 1 for Nordiques vs 1 for Panthers.
Shots for this period are 14 for Nordiques vs 10 for Panthers.

3rd period


0:01 of 3rd period - Alexander Wennberg wins face-off versus Teuvo Teravainen in neutral zone.
0:32 of 3rd period - Penalty to Travis Sanheim is over, Travis Sanheim is back on ice.
0:50 of 3rd period - Snap shot by Kevin Labanc.
0:50 of 3rd period - Stopped by Jaroslav Halak without a rebound.
0:51 of 3rd period - Sebastian Aho wins face-off versus Patrick Brown in Nordiques zone.
1:22 of 3rd period - Snap shot by Ryan Lindgren.
1:22 of 3rd period - Shot Blocked by Anthony Cirelli.
1:24 of 3rd period - Snap shot by Artyom Anisimov.
1:24 of 3rd period - Stopped by Antti Raanta with a rebound.
1:26 of 3rd period - Slapshot by Cole Smith.
1:26 of 3rd period - Stopped by Antti Raanta without a rebound.
1:27 of 3rd period - Marco Rossi wins face-off versus Vincent Trocheck in Panthers zone.
1:52 of 3rd period - Andrew Peeke is hit by Martin Fehervary.
2:00 of 3rd period - Wrist shot by Joshua Norris.
2:00 of 3rd period - Deflect By Mike Hoffman.
2:00 of 3rd period - Shot Misses the Net.
2:00 of 3rd period - Puck is out of play.
2:01 of 3rd period - Artyom Anisimov wins face-off versus Ross Colton in Nordiques zone.
2:08 of 3rd period - Snap shot by Mattias Ekholm.
2:08 of 3rd period - Stopped by Antti Raanta with a rebound.
2:10 of 3rd period - Slapshot by Mattias Ekholm.
2:10 of 3rd period - Shot Blocked by Tyson Barrie.
2:14 of 3rd period - Snap shot by Shayne Gostisbehere.
2:14 of 3rd period - Shot Blocked by Garnet Hathaway.
2:28 of 3rd period - Snap shot by Joshua Norris.
2:28 of 3rd period - Shot Blocked by Shayne Gostisbehere.
2:30 of 3rd period - Snap shot by Anthony Cirelli.
2:30 of 3rd period - Stopped by Jaroslav Halak with a rebound.
2:42 of 3rd period - Minor Penalty to Sebastian Aho for High sticking.
2:43 of 3rd period - Paul Byron wins face-off versus Vincent Trocheck in Nordiques zone.
2:54 of 3rd period - Pius Suter is hit by Anthony Cirelli and loses puck.
4:42 of 3rd period - Penalty to Sebastian Aho is over, Sebastian Aho is back on ice.
6:00 of 3rd period - Travis Sanheim is hit by Patrick Brown.
6:20 of 3rd period - Patrick Brown is hit by Marco Rossi and loses puck.
6:58 of 3rd period - Marcus Foligno is hit by Cole Smith and loses puck.
7:09 of 3rd period - Wrist shot by Paul Byron.
7:09 of 3rd period - Stopped by Antti Raanta with a rebound.
7:11 of 3rd period - Slapshot by Ryan Lindgren.
7:11 of 3rd period - Stopped by Antti Raanta without a rebound.
7:12 of 3rd period - Marco Rossi wins face-off versus Joshua Norris in Panthers zone.
7:17 of 3rd period - Snap shot by Marco Rossi.
7:17 of 3rd period - Deflect By Alex Newhook.
7:17 of 3rd period - Shot Misses the Net.
7:17 of 3rd period - Puck is out of play.
7:18 of 3rd period - Alexander Wennberg wins face-off versus Vincent Trocheck in Panthers zone.
7:33 of 3rd period - Wrist shot by Taylor Hall.
7:33 of 3rd period - Stopped by Jaroslav Halak with a rebound.
7:35 of 3rd period - Wrist shot by Tyson Barrie.
7:35 of 3rd period - Shot Blocked by Travis Sanheim.
7:55 of 3rd period - Slapshot by Tyson Barrie.
7:55 of 3rd period - Shot Blocked by Travis Sanheim.
8:05 of 3rd period - Slapshot by Sebastian Aho.
8:05 of 3rd period - Stopped by Antti Raanta without a rebound.
8:06 of 3rd period - Sebastian Aho wins face-off versus Ross Colton in Panthers zone.
8:15 of 3rd period - Wrist shot by Lucas Raymond.
8:15 of 3rd period - Stopped by Antti Raanta without a rebound.
8:16 of 3rd period - Vincent Trocheck wins face-off versus Alexander Wennberg in Panthers zone.
8:16 of 3rd period - Vincent Trocheck is hit by Joel Farabee.
8:42 of 3rd period - Alex Newhook is hit by Joshua Norris and loses puck.
10:12 of 3rd period - Snap shot by Teuvo Teravainen.
10:12 of 3rd period - Deflect By Shayne Gostisbehere.
10:12 of 3rd period - Shot Misses the Net.
10:12 of 3rd period - Puck is out of play.
10:13 of 3rd period - Joshua Norris wins face-off versus Artyom Anisimov in Nordiques zone.
10:14 of 3rd period - Wrist shot by Mike Hoffman.
10:14 of 3rd period - Stopped by Jaroslav Halak without a rebound.
10:15 of 3rd period - Joshua Norris wins face-off versus Marco Rossi in Nordiques zone.
10:18 of 3rd period - Slapshot by Mike Hoffman.
10:18 of 3rd period - Shot Misses the Net.
10:45 of 3rd period - Andrew Peeke is hit by Sebastian Aho and loses puck.
11:18 of 3rd period - Simon Benoit is hit by Kevin Labanc and loses puck.
11:31 of 3rd period - Snap shot by Artyom Anisimov.
11:31 of 3rd period - Shot Misses the Net.
11:33 of 3rd period - Wrist shot by Hudson Fasching.
11:33 of 3rd period - Deflect By Tyson Barrie.
11:33 of 3rd period - Shot Blocked by Jamie Oleksiak.
11:33 of 3rd period - Puck is out of play.
11:34 of 3rd period - Mike Hoffman wins face-off versus Artyom Anisimov in Panthers zone.
11:41 of 3rd period - Slapshot by Mike Hoffman.
11:41 of 3rd period - Deflect By Hudson Fasching.
11:41 of 3rd period - Stopped by Jaroslav Halak with a rebound.
11:43 of 3rd period - Wrist shot by Joshua Norris.
11:43 of 3rd period - Stopped by Jaroslav Halak with a rebound.
11:45 of 3rd period - Snap shot by Joshua Norris.
11:45 of 3rd period - Shot Blocked by Travis Sanheim.
11:47 of 3rd period - Slapshot by J.J. Moser.
11:47 of 3rd period - Shot Misses the Net.
12:04 of 3rd period - Shayne Gostisbehere is hit by J.J. Moser.
12:24 of 3rd period - Andrew Peeke is hit by Paul Byron and loses puck.
12:56 of 3rd period - Sebastian Aho is hit by Rocco Grimaldi and loses puck.
14:07 of 3rd period - Wrist shot by Joel Farabee.
14:07 of 3rd period - Shot Misses the Net.
14:11 of 3rd period - Wrist shot by Alexander Wennberg.
14:11 of 3rd period - Goal by Alexander Wennberg - Nordiques : 3 - Panthers : 1.
14:12 of 3rd period - Marco Rossi wins face-off versus Ross Colton in neutral zone.
14:19 of 3rd period - Marcus Foligno is hit by Martin Fehervary and loses puck.
14:28 of 3rd period - Snap shot by Marco Rossi.
14:28 of 3rd period - Shot Misses the Net.
14:38 of 3rd period - Martin Fehervary is hit by Mike Hoffman and loses puck.
14:45 of 3rd period - Snap shot by Mike Hoffman.
14:45 of 3rd period - Deflect By Joshua Norris.
14:45 of 3rd period - Stopped by Jaroslav Halak with a rebound.
14:47 of 3rd period - Wrist shot by Anthony Cirelli.
14:47 of 3rd period - Shot Misses the Net.
14:49 of 3rd period - Wrist shot by Anthony Cirelli.
14:49 of 3rd period - Stopped by Jaroslav Halak without a rebound.
14:50 of 3rd period - Marco Rossi wins face-off versus Vincent Trocheck in Nordiques zone.
15:22 of 3rd period - Ross Colton is hit by Artyom Anisimov and loses puck.
15:53 of 3rd period - Kirby Dach is hit by Joshua Norris and loses puck.
16:08 of 3rd period - Wrist shot by Teuvo Teravainen.
16:08 of 3rd period - Shot Misses the Net.
16:18 of 3rd period - Shayne Gostisbehere is hit by Vincent Trocheck and loses puck.
17:14 of 3rd period - Off-side.
17:15 of 3rd period - Marco Rossi wins face-off versus Garnet Hathaway in neutral zone.
17:24 of 3rd period - Slapshot by Marco Rossi.
17:24 of 3rd period - Goal by Marco Rossi - Nordiques : 4 - Panthers : 1.
17:25 of 3rd period - Joshua Norris wins face-off versus Artyom Anisimov in neutral zone.
17:36 of 3rd period - Snap shot by Anthony Cirelli.
17:36 of 3rd period - Stopped by Jaroslav Halak with a rebound.
17:38 of 3rd period - Snap shot by Joshua Norris.
17:38 of 3rd period - Stopped by Jaroslav Halak without a rebound.
17:39 of 3rd period - Sebastian Aho wins face-off versus Ross Colton in Nordiques zone.
17:44 of 3rd period - Andrew Peeke is hit by Martin Fehervary and loses puck.
17:48 of 3rd period - Icing by Michael Matheson.
17:49 of 3rd period - Sebastian Aho wins face-off versus Ross Colton in Panthers zone.
17:56 of 3rd period - Snap shot by Kirby Dach.
17:56 of 3rd period - Shot Blocked by Marcus Foligno.
18:02 of 3rd period - Snap shot by Marcus Foligno.
18:02 of 3rd period - Stopped by Jaroslav Halak with a rebound.
18:04 of 3rd period - Wrist shot by Andrew Peeke.
18:04 of 3rd period - Shot Blocked by Martin Fehervary.
18:06 of 3rd period - Slapshot by Michael Matheson.
18:06 of 3rd period - Shot Blocked by Travis Sanheim.
18:08 of 3rd period - Snap shot by Marcus Foligno.
18:08 of 3rd period - Goal by Marcus Foligno - Nordiques : 4 - Panthers : 2.
18:09 of 3rd period - Marco Rossi wins face-off versus Ross Colton in neutral zone.
18:11 of 3rd period - Minor Penalty to Simon Benoit for High sticking.
18:12 of 3rd period - Alexander Wennberg wins face-off versus Joshua Norris in Nordiques zone.
18:51 of 3rd period - Martin Fehervary is hit by Vincent Trocheck and loses puck.
19:53 of 3rd period - Icing by Tyson Barrie.
19:54 of 3rd period - Kirby Dach wins face-off versus Joshua Norris in Panthers zone.
Goals for this period are 2 for Nordiques vs 1 for Panthers.
Shots for this period are 9 for Nordiques vs 12 for Panthers.




Output by the SimonT Hockey Simulator (STHS) for Alexandre Lamarre - Original Page W3C HTML5 Valid
Hockey Simulator - Hockey Simulation - Hockey Manager